 Dungeon Crawl Stone Soup version 0.19-a0-139-gefc6d61 (webtiles) character file.

87 Kidiri the Firebug (level 4, -1/28 HPs)
             Began as a High Elf Fire Elementalist on May 17, 2016.
             Slain by a gnoll
             ... wielding a +0 spear
              (10 damage)
             ... on level 2 of the Dungeon.
             The game lasted 00:05:06 (2161 turns).

Kidiri the Firebug (High Elf Fire Elementalist)     Turns: 2161, Time: 00:05:08

Health: -1/28      AC:  2    Str:  7    XL:     4   Next: 28%
Magic:  1/9        EV:  7    Int: 20    God:
Gold:   30         SH:  0    Dex: 15    Spells: 4 memorised, 0 levels left

rFire  . . .     SeeInvis .     g - -3 whip (curse)
rCold  . . .     Gourm    .     a - +0 robe
rNeg   . . .     Faith    .     (no shield)
rPois  .         Spirit   .     (no helmet)
rElec  .         Dismiss  .     (no cloak)
rCorr  .         Reflect  .     (no gloves)
SustAt .         Harm     .     (no boots)
MR     .....                    (no amulet)
Stlth  ++........               (no ring)
                                (no ring)

@: held, not resistant to hostile enchantments, unstealthy
A: no striking features
a: no special abilities


You were on level 2 of the Dungeon.
You were not hungry.

You visited 1 branch of the dungeon, and saw 2 of its levels.

You collected 30 gold pieces.

Inventory:

Hand Weapons
 g - a cursed -3 whip (weapon)
 k - a +1 dagger
Missiles
 f - a throwing net (quivered)
Armour
 a - a +0 robe (worn)
Scrolls
 i - 2 scrolls of blinking
Potions
 e - a potion of curing {unknown}
 h - a potion of lignification {unknown}
 j - a potion of brilliance {unknown}
Books
 b - a book of Flames

   Spells                             Type                      Level
   a - Flame Tongue                   Conjuration/Fire             1
   b - Throw Flame                    Conjuration/Fire             2
   c - Conjure Flame                  Conjuration/Fire             3
   d - Inner Flame                    Hexes/Fire                   3
   e - Sticky Flame                   Conjuration/Fire             4
   f - Fireball                       Conjuration/Fire             5
Comestibles
 c - 4 bread rations
 d - 4 chunks of flesh


   Skills:
 + Level 1.1 Fighting
 + Level 0.5 Armour
 * Level 3.2 Dodging
 - Level 2.1 Stealth
 * Level 3.2 Spellcasting
 + Level 2.1 Conjurations
 * Level 3.3 Fire Magic


You couldn't memorise any spells.
You knew the following spells:

 Your Spells              Type           Power        Failure   Level  Hunger
a - Flame Tongue          Conj/Fire      ##...        4%          1    None
b - Throw Flame           Conj/Fire      ##....       10%         2    ##.....
c - Conjure Flame         Conj/Fire      ##......     14%         3    ###....
d - Inner Flame           Hex/Fire       #.......     24%         3    ###....


Dungeon Overview and Level Annotations

Branches:
Dungeon (2/15)

Altars:

Annotations:
D:2 Sigmund


Message History

The puff of flame hits the gnoll.
The gnoll is moderately wounded.
The gnoll shouts!
You hear a shout!
Casting: Throw Flame
Confirm with . or Enter, or press ? or * to list all spells.
You don't have enough magic to cast that spell.
Unknown command.
A gnoll comes into view. It is wielding a spear.
The gnoll throws a throwing net.
The throwing net hits you.
You become entangled in the net!
Your magical contamination has completely faded away.
You see here a throwing net.
You try to slip out of the net.
A gnoll comes into view. It is wielding a spear.
Unknown command.
You try to slip out of the net.
The gnoll hits you from afar with a spear.
You struggle to escape the net.
The gnoll hits you from afar with a spear!
You die...

#.(#.#####.. ..
#..#%# #... #....#
#.#.# # #..... #.#.#
.# #.#.#.#
####.#g###.# #.#. .#
#..........# # #. .#
#. #.##..## #. .#
#.##.##...#### .. ..
#.@.g.g.#....# ###
#.##)##...#######..
#.##.##..## #......
#........# #.###..
#.##.###.# #.#....
...##.###.# #.#.###
............####.#.#
## ####............#
##########.###


You could see 2 gnolls.

Vanquished Creatures
  4 gnolls (D:2)
  An adder (D:2)
  A worm (D:2)
  3 giant geckos (D:1)
  4 bats
  3 giant cockroaches (D:1)
  2 goblins (D:1)
  5 hobgoblins
  3 jackals (D:1)
  3 giant newts
  5 kobolds (D:1)
  A rat (D:2)
35 creatures vanquished.

Notes
Turn   | Place    | Note
--------------------------------------------------------------
     0 | D:1      | Kidiri the High Elf Fire Elementalist began the quest for the Orb.
     0 | D:1      | Reached XP level 1. HP: 11/11 MP: 4/4
   254 | D:1      | Reached XP level 2. HP: 11/17 MP: 0/6
   310 | D:1      | Learned a level 2 spell: Throw Flame
  1353 | D:1      | Reached XP level 3. HP: 22/22 MP: 5/8
  1358 | D:1      | Learned a level 3 spell: Conjure Flame
  1654 | D:2      | Reached skill level 1 in Fighting
  1960 | D:2      | Noticed Sigmund
  2121 | D:2      | Reached XP level 4. HP: 28/28 MP: 1/9
  2127 | D:2      | Learned a level 3 spell: Inner Flame
  2161 | D:2      | Slain by a gnoll

Vault maps used:
D:1:      lemuel_arrival_muddy, serial_bayou_pond_b, roderic_lattice_a
D:2:      minmay_overflow_temple_star_hex, uniq_sigmund

Skill      XL: |  1  2  3 |
---------------+----------+-----
Fighting       | 1 |  1.1
Spellcasting   | 3 |  3.2
Conjurations   | 2 |  2.1
Dodging        | 3 |  3.2
Armour         | |  0.5
Stealth        | |  2.1
Fire Magic     | |  3.3

Action                   |  1- 3 |  4- 6 || total
-------------------------+-------+-------++-------
Melee: Unarmed           |    13 |       ||    13
       Club              |     3 |       ||     3
       Dagger            |     2 |       ||     2
       Whip              |     8 |     5 ||    13
 Cast: Flame Tongue      |    51 |     3 ||    54
       Throw Flame       |    12 |     1 ||    13
       Conjure Flame     |     1 |       ||     1
  Use: Scroll            |     3 |       ||     3
  Eat: Chunk             |     4 |     1 ||     5
Armor: Robe              |    12 |       ||    12
Dodge: Dodged            |    47 |     2 ||    49
